 Dungeon Crawl Stone Soup version 0.30.1-9-gdf580d7c3d (webtiles) character file.

Game seed: 10661443396023281391

21452 H0rd4k the Thaumaturge (level 12, -4/80 HPs)
             Began as an Octopode Artificer on Oct 13, 2023.
             Was an Initiate of Gozag.
             Succumbed to a cane toad's poison
             ... on level 1 of the Lair of Beasts on Oct 16, 2023.
             The game lasted 00:41:54 (16300 turns).

H0rd4k the Thaumaturge (Octopode Artificer)        Turns: 16300, Time: 00:41:54

Health: -4/80      AC:  9    Str:  7    XL:     12   Next: 90%
Magic:  27/34      EV: 18    Int: 31    God:    Gozag
Gold:   902        SH:  5    Dex: 18    Spells: 20/29 levels left

rFire   + . .        d - +11 falchion "Raluod" {heavy, rElec MP+9}
rCold   . . .        (no shield)
rNeg    . . .        (helmet restricted)
rPois   .            g - amulet of reflection
rElec   +            m - +4 ring of protection
rCorr   +            a - ring of resist corrosion
SInv    .            A - ring of willpower
Will    ++...        C - +6 ring of dexterity
Stlth   +++          J - +6 ring of intelligence
HPRegen 0.00/turn    f - ring "Nietsorph" {rF+ Will+ rCorr Str-5 Int+7}
MPRegen 0.24/turn    y - +4 ring of protection
                     (no ring)

%: reflection
@: lethally poisoned (-4 -> -41), inhibited regen
A: almost no armour, amphibious, 8 rings, camouflage 1, gelatinous body 1,
(nimble swimmer 1), tentacles, inhibited regeneration
a: Renounce Religion, Potion Petition, Call Merchant, Bribe Branch


You were on level 1 of the Lair of Beasts.
You worshipped Gozag.
Gozag was pleased with you.
You visited 3 branches of the dungeon, and saw 13 of its levels.
You also visited: Sewer, Bailey and Volcano.

You collected 2245 gold pieces.
You spent 683 gold pieces at shops.
You paid 660 gold pieces to Gozag.

Inventory:

Hand Weapons
 d - the +11 falchion "Raluod" (weapon) {heavy, rElec MP+9}
   (You found it on level 10 of the Dungeon)

   rElec:     It insulates you from electricity.
   MP:        It affects your magic capacity (+9).
Missiles
 r - 13 poisoned darts (quivered)
Magical Staves
 v - a staff of poison
 B - a staff of death
Jewellery
 a - a ring of resist corrosion (right tentacle)
 f - the ring "Nietsorph" (on tentacle) {rF+ Will+ rCorr Str-5 Int+7}
   (You bought it in a shop on level 10 of the Dungeon)

   [ring of willpower]

   Str:       It affects your strength (-5).
   Int:       It affects your intelligence (+7).
   rF:        It protects you from fire.
   rCorr:     It protects you from acid and corrosion.
   Will:      It increases your willpower.
 g - an amulet of reflection (around mantle)
 k - an amulet of the acrobat
 m - a +4 ring of protection (left tentacle)
 x - a ring of ice
 y - a +4 ring of protection (on tentacle)
 A - a ring of willpower (on tentacle)
 C - a +6 ring of dexterity (on tentacle)
 J - a +6 ring of intelligence (on tentacle)
Wands
 b - a wand of flame (22)
 z - a wand of digging (12)
 G - a wand of charming (3)
Scrolls
 h - a scroll of fear
 i - a scroll of immolation
 l - 2 scrolls of silence
 n - 3 scrolls of summoning
 o - a scroll of identify
 s - a scroll of amnesia
 u - 2 scrolls of teleportation
Potions
 c - a potion of degeneration {unknown}
 e - 6 potions of magic
 j - 3 potions of resistance
 p - 3 potions of haste
 q - 2 potions of invisibility
 t - 4 potions of cancellation
 w - 4 potions of berserk rage
 D - 7 potions of mutation
 I - a potion of might


   Skills:
 + Level 6.8 Fighting
 + Level 1.7 Long Blades
 + Level 3.9 Throwing
 - Level 8.9 Dodging
 - Level 1.3 Stealth
 - Level 2.8 Shields
 - Level 7.5 Unarmed Combat
 + Level 9.2 Spellcasting
 * Level 2.2 Conjurations
 + Level 7.5 Summonings
 * Level 2.1 Ice Magic
 + Level 6.4 Air Magic
 - Level 6.9 Evocations


You had 20 spell levels left.
You knew the following spells:

 Your Spells              Type           Power      Damage    Failure   Level
a - Summon Small Mammal   Summ           100%       N/A       1%          1
b - Swiftness             Air            53%        N/A       1%          3
c - Freezing Cloud        Conj/Ice/Air   18%        6-21      22%         5

Your spell library contained the following spells:

 Spells                   Type           Power      Damage    Failure   Level
 Shock                    Conj/Air       100%       1d9       1%          1
 Cigotuvi's Dreadful Rot  Necr/Pois/Air  54%        N/A       2%          2
 Airstrike                Air            26%        2d(4-20)  2%          4
 Apportation              Tloc           28%        N/A       3%          1
 Necrotise                Necr           56%        1d6       3%          1
 Ozocubu's Armour         Ice            27%        N/A       4%          3
 Lesser Beckoning         Tloc           28%        N/A       5%          2
 Sublimation of Blood     Necr           14%        N/A       5%          2
 Wereblood                Tmut           14%        N/A       5%          2
 Gell's Gravitas          Tloc           14%        N/A       11%         3
 Ignite Poison            Fire/Tmut/Pois 14%        N/A       11%         3
 Teleport Other           Tloc           14%        N/A       11%         3
 Manifold Assault         Tloc           14%        N/A       34%         4
 Metabolic Englaciation   Hex/Ice        10%        N/A       54%         5
 Summon Hydra             Summ           28%        N/A       80%         7
 Dispersal                Tloc           7%         N/A       99%         6
 Malign Gateway           Summ/Tloc      18%        N/A       99%         7
 Disjunction              Tloc           7%         N/A       100%        8
 Summon Horrible Things   Summ           28%        N/A       100%        8
 Simulacrum               Ice/Necr       Unusable   N/A       N/A         6

Dungeon Overview and Level Annotations

Branches:
Dungeon (11/15)            Temple (1/1) D:7            Lair (1/5) D:10
    Orc (0/2) D:9           Sewer (visited)          Bailey (visited)
Volcano (visited)

Altars:
Cheibriados
Elyvilon
Gozag
Kikubaaqudgha
Nemelex Xobeh
Okawaru
Qazlal
Ru
Sif Muna
Trog
Uskayaw
Wu Jian
Xom
Yredelemnul
Zin
The Shining One

Shops:
D:10 =

Annotations:
D:5 exclusion: downstairs
D:6 exclusion: 2 boulder beetles, Edmund
D:7 exclusions: boulder beetle and downstairs
D:9 exclusion: 2 downstairs
D:11 exclusions: boulder beetle, 4 ice statues and manticore


Innate Abilities, Weirdness & Mutations

You cannot wear most types of armour.
You are amphibious.
You can wear up to eight rings at the same time.
Your skin changes colour to match your surroundings (Stealth+).
Your rubbery body absorbs attacks. (AC +1, EV +1)
((You are camouflaged when in or above water. (Stealth+)))
You have tentacles for arms and can constrict up to eight enemies at once.
You do not regenerate when monsters are visible.


Message History

There is a rocky tunnel leading out of this place here.
Welcome back to the Lair of Beasts!
There is a collapsed entrance here.
c - a bubbling ruby potion
o - a scroll of identify A cane toad comes into view.
d - the +11 falchion "Raluod" (weapon)
{heavy, rElec MP+9} The cane toad stings you!
You slice the cane toad!! Your grab misses the cane toad.
The cane toad is heavily wounded.
The cane toad stings you.
You are poisoned.
The cane toad poisons you! The cane toad completely misses you.
The cane toad stings you!!
You completely miss the cane toad. Your grab misses the cane toad.
The cane toad is heavily wounded.
You feel extremely sick. The cane toad closely misses you.
The cane toad misses you.
You slash the cane toad! Your grab misses the cane toad.
You squeeze the cane toad, but do no damage.
The cane toad is severely wounded.
You feel very sick. The cane toad stings you!!
* * * LOW HITPOINT WARNING * * *
You are lethally poisoned!
The cane toad poisons you! The cane toad stings you.
* * * LOW HITPOINT WARNING * * *
Okay, then.
Unknown command.
Okay, then.
Okay, then.
Okay, then.
Okay, then.
Unknown command.
Okay, then.
Unknown command.
As you read the scroll of fear, it crumbles to dust.
You assume a fearsome visage.
The cane toad looks frightened!
You die...
Your body crumbles into a pile of gold.

...........#...#,.#
...............#..##
...........P...#...*
...........#......#*
..#######......#..#
..# #P......#..# .##
##....P....# .##
##.........# ..#
#........@.# .##
##.######.F# .#
####.#.....#.#
.#####..........,.#*
..........#.....,..*
#####...........,.##
...##...##......*.#
#..##...#*#.....*.#
#####...# *,....*,*


You could see a cane toad (fleeing).

Vanquished Creatures
  3 two-headed ogres
  A hell knight (Volcano)
  A salamander mystic (Volcano)
  4 salamanders (Volcano)
  Joseph (D:7)
  2 molten gargoyles (Volcano)
  A gargoyle (D:11)
  A cane toad (Lair:1)
  An unseen horror (D:10)
  A komodo dragon (D:11)
  2 trolls
  2 wyverns
  A wraith (D:8)
  8 yaks
  2 fire bats (Volcano)
  Grum (D:8)
  2 vampire mosquitoes (D:11)
  A steam dragon (D:10)
  A warg (D:9)
  An acid dragon (D:6)
  3 water moccasins
  A black bear (D:4)
  10 ice beasts (D:11)
  11 orc warriors
  An ogre (D:5)
  2 wolves
  A centaur (D:6)
  A phantom (D:5)
  2 kobold brigands (D:8)
  3 bullfrogs
  3 scorpions
  4 wights (D:8)
  11 killer bees
  5 howler monkeys
  7 lava snakes (Volcano)
  5 orc priests
  11 hounds
  An iguana (D:5)
  14 orc wizards
  A sleepcap (D:5)
  5 hell rats (Lair:1)
  14 gnolls
  6 adders
  2 river rats (D:5)
  2 white imps
  5 worms
  A dart slug (D:2)
  53 orcs
  11 endoplasms
  4 giant cockroaches
  9 goblins
  9 hobgoblins
  7 jackals
  12 kobolds
  A quokka (D:5)
  6 ball pythons
  3 bats (D:1)
  3 frilled lizards
  9 rats
  A spectral orc (D:4)
297 creatures vanquished.

Vanquished Creatures (collateral kills)
  2 wraiths
  A yak (Lair:1)
  3 ice beasts (D:11)
  3 killer bees
  3 orcs
  A giant cockroach (D:2)
  3 kobolds
  2 goblins
  4 rats
22 creatures vanquished.

Vanquished Creatures (others)
  2 two-headed ogres
  A water moccasin (D:8)
  A wolf (D:8)
  A bullfrog (Lair:1)
  3 killer bees
  An orc priest (D:5)
  An orc wizard (D:8)
  A quokka (D:1)
11 creatures vanquished.

Grand Total: 330 creatures vanquished

Notes
Turn   | Place    | Note
-------+----------+-------------------------------------------
     0 | D:1      | H0rd4k the Octopode Artificer began the quest for the Orb.
     0 | D:1      | Reached XP level 1. HP: 13/13 MP: 1/1
   105 | D:1      | Reached XP level 2. HP: 2/18 MP: 2/2
   455 | D:1      | Reached XP level 3. HP: 23/23 MP: 3/3
   761 | D:2      | Reached skill level 1 in Unarmed Combat
   888 | D:2      | Reached XP level 4. HP: 14/28 MP: 4/4
  1089 | D:2      | Found a shimmering blue altar of Sif Muna.
  1162 | D:2      | Found a faded altar of an unknown god.
  1827 | D:3      | Reached XP level 5. HP: 30/33 MP: 5/5
  2026 | D:4      | Noticed a black bear
  2934 | D:5      | Entered Level 5 of the Dungeon
  3014 | D:5      | Noticed an ogre
  3091 | D:5      | Noticed a phantom
  3138 | D:5      | Reached XP level 6. HP: 21/38 MP: 6/6
  3151 | D:5      | Found a glowing silver altar of Zin.
  3157 | D:5      | Noticed an angel
  3204 | D:5      | Found a shimmering altar of Xom.
  3215 | D:5      | Reached skill level 5 in Evocations
  3215 | D:5      | Reached XP level 7. HP: 31/44 MP: 7/7
  3248 | D:5      | Found a glowing drain.
  3256 | Sewer    | Entered a sewer
  3452 | D:5      | Reached skill level 5 in Unarmed Combat
  3940 | D:5      | Reached XP level 8. HP: 39/50 MP: 8/8
  4196 | D:6      | Noticed Edmund
  4315 | D:6      | Noticed a boulder beetle
  4558 | D:6      | Reached skill level 5 in Dodging
  4737 | D:6      | Found a bloodstained altar of Trog.
  4789 | D:6      | Noticed a wraith
  4808 | D:6      | Killed a wraith
  5021 | D:7      | Noticed Joseph
  5041 | D:7      | Killed Joseph
  5042 | D:7      | Reached skill level 2 in Spellcasting
  5042 | D:7      | Reached XP level 9. HP: 57/57 MP: 8/12
  5096 | D:7      | Found a flagged portal.
  5137 | Bailey   | Entered a bailey
  6047 | D:7      | Found an iron altar of Okawaru.
  6218 | D:7      | Noticed a boulder beetle
  6263 | D:7      | Found a staircase to the Ecumenical Temple.
  6278 | Temple   | Entered the Ecumenical Temple
  6322 | Temple   | Became a worshipper of Gozag Ym Sagoz the Greedy
  6467 | D:8      | Found a hide-covered altar of Uskayaw.
  6496 | D:8      | Reached skill level 3 in Spellcasting
  7214 | D:8      | Reached skill level 4 in Spellcasting
  7279 | D:8      | Found a white marble altar of Elyvilon.
  7281 | D:8      | Noticed a two-headed ogre
  7281 | D:8      | Noticed Grum
  7305 | D:8      | Reached skill level 5 in Fighting
  7305 | D:8      | Reached skill level 1 in Shields
  7305 | D:8      | Reached XP level 10. HP: 66/66 MP: 16/16
  7357 | D:8      | HP: 3/66 [Grum/-1 halberd (16)]
  7754 | D:8      | Killed Grum
  8199 | D:8      | Reached skill level 5 in Spellcasting
  9318 | D:9      | Found a staircase to the Orcish Mines.
  9539 | D:9      | Found a sparkling altar of Nemelex Xobeh.
  9539 | D:9      | Found a snail-covered altar of Cheibriados.
  9539 | D:9      | Found an ancient bone altar of Kikubaaqudgha.
  9679 | D:9      | Learned a level 1 spell: Summon Small Mammal
  9683 | D:9      | Learned a level 3 spell: Swiftness
  9683 | D:9      | Reached skill level 7 in Spellcasting
  9683 | D:9      | Reached skill level 5 in Summonings
  9683 | D:9      | Reached skill level 5 in Air Magic
  9683 | D:9      | Reached XP level 11. HP: 72/72 MP: 18/22
  9733 | D:10     | Entered Level 10 of the Dungeon
  9745 | D:10     | Noticed a two-headed ogre
 10633 | D:4      | Found a basalt altar of Yredelemnul.
 10990 | D:10     | Noticed a two-headed ogre
 10993 | D:10     | Found a shimmering blue altar of Sif Muna.
 11235 | D:10     | Found a staircase to the Lair.
 11280 | D:11     | Noticed a two-headed ogre
 11600 | D:11     | Reached skill level 1 in Throwing
 11837 | D:11     | Reached skill level 8 in Spellcasting
 12102 | D:11     | Noticed a boulder beetle
 12266 | D:11     | Noticed a two-headed ogre
 12267 | D:11     | Noticed a manticore
 12292 | D:11     | Killed a two-headed ogre
 12293 | D:11     | Reached XP level 12. HP: 17/80 MP: 20/24
 13230 | D:11     | Killed a two-headed ogre
 14168 | D:10     | Killed a two-headed ogre
 14513 | D:10     | Identified the +11 falchion "Raluod" {heavy, rElec MP+9}
 14746 | D:10     | Bought the ring "Nietsorph" {rF+ Will+ rCorr Str-5 Int+7}
                  | for 683 gold pieces
 14761 | Lair:1   | Entered Level 1 of the Lair of Beasts
 14965 | Lair:1   | Reached skill level 1 in Long Blades
 15051 | Lair:1   | Found a dark tunnel.
 15090 | Volcano  | Entered a volcano
 15290 | Volcano  | Reached skill level 9 in Spellcasting
 15375 | Volcano  | Gained mutation: You do not regenerate when monsters are
                  | visible. [potion of mutation]
 15576 | Volcano  | Learned a level 5 spell: Freezing Cloud
 15580 | Volcano  | Found a burning altar of Makhleb.
 15586 | Volcano  | Reached skill level 1 in Conjurations
 15586 | Volcano  | Reached skill level 1 in Ice Magic
 15595 | Volcano  | Noticed a hell knight
 15607 | Volcano  | Killed a hell knight
 16299 | Lair:1   | HP: 4/80 [cane toad (6)]
 16300 | Lair:1   | Succumbed to a cane toad's poison

Illustrated notes

Levels and vault maps discovered:
D:1:      dpeg_arrival_concentric_ovals, layout_basic
D:2:      layout_rooms, nicolae_ecumenical_oubliette, st_stairs_6,
          minmay_hexomino_r4
D:3:      layout_loops_ring
D:4:      layout_basic, yredelemnul_forgotten_temple_becter,
          dreamdust_princess_corridor, minmay_goblin_kobold_house
D:5:      layout_basic, grunt_temple_overflow_order_and_chaos_1,
          lightli_sewer_entry_pipes, amcnicky_mini_pool_small
D:6:      layout_rooms, mainiacjoe_overflow_alcove_4, kb_rosetta, uniq_edmund
D:7:      layout_loops_ring, lemuel_crystal_altar, minmay_temple_entry_statues,
          enter_bailey_3, uniq_joseph
D:8:      layout_loops_cross, mainiacjoe_overflow_catwalk, elyvilon_altar_5,
          uniq_grum
D:9:      layout_roguey, gammafunk_temple_overflow_claw, erik_orc_3,
          kennysheep_generic_room_15
D:10:     layout_cave_pools, mainiacjoe_overflow_alcove_2, erik_lair_island
D:11:     minmay_ice_pillars, layout_cave_pools
Temple:   bh_familiar_temple
Lair:1:   hellmonk_ruined_rings, layout_chaotic_city,
          nicolae_volcano_entry_two_sided, lemuel_fruit_tree

Skill      XL: |  1  2  3  4  5  6  7  8  9 10 11 12 |
---------------+-------------------------------------+-----
Evocations     | 4 5 6 |  6.9
Unarmed Combat | 1 2 3 4 5 7 |  7.5
Dodging        | 3 4 5 7 8 |  8.9
Fighting       | 2 3 5 6 |  6.8
Spellcasting   | 2 4 7 8 9 |  9.2
Shields        | 1 2 |  2.8
Summonings     | 5 6 7 |  7.5
Air Magic      | 5 6 |  6.4
Throwing       | 1 3 |  3.9
Long Blades    | 1 |  1.7
Conjurations   | 2 |  2.2
Ice Magic      | 2 |  2.1
Stealth        | |  1.3

Action                     |  1- 3 |  4- 6 |  7- 9 | 10-12 || total
---------------------------+-------+-------+-------+-------++-------
  Melee: Unarmed           |    74 |   101 |   259 |   570 ||  1004
         Constrict         |    19 |    24 |    55 |    72 ||   170
         Tentacles         |    16 |    30 |    69 |   188 ||   303
         Punch             |     4 |     3 |    15 |    43 ||    65
         Falchion          |       |       |       |     3 ||     3
  Throw: Dart              |       |       |       |    56 ||    56
   Cast: Summon Small Mamm |       |       |       |    71 ||    71
         Swiftness         |       |       |       |     3 ||     3
         Freezing Cloud    |       |       |       |     3 ||     3
 Invoke: Call Merchant     |       |       |       |     1 ||     1
  Evoke: Wand              |     6 |    24 |    39 |    23 ||    92
    Use: Potion            |       |       |     7 |    10 ||    17
         Scroll            |       |       |    15 |     9 ||    24
   Stab: Sleeping          |     5 |     4 |    11 |     4 ||    24
         Distracted        |       |       |       |     6 ||     6
 Armour: Skin              |     3 |    20 |    47 |    64 ||   134
  Dodge: Dodged            |    52 |    65 |   157 |   336 ||   610
  Block: Other             |       |       |     9 |    91 ||   100
         Reflection        |       |       |     1 |     3 ||     4
